 Dungeon Crawl Stone Soup version 0.18.1-6-gd335043 (webtiles) character file.

6766 shmeve the Blocker (level 10, -2/94 HPs)
             Began as a Deep Dwarf Fighter on May 17, 2016.
             Was a Priest of Makhleb.
             Slain by a komodo dragon (19 damage)
             ... on level 1 of the Lair of Beasts.
             The game lasted 00:18:53 (6828 turns).

shmeve the Blocker (Deep Dwarf Fighter)             Turns: 6828, Time: 00:18:53

Health: -2/94      AC: 20    Str: 23    XL:     10   Next: 76%
Magic:  12/12      EV:  7    Int:  9    God:    Makhleb [***...]
Gold:   453        SH: 11    Dex: 17    Spells: 0 memorised, 9 levels left

rFire  . . .     SeeInvis .     J - +0 war axe (chop)
rCold  . . .     Gourm    .     H - +0 plate armour
rNeg   . . .     Faith    .     c - +0 shield
rPois  +         Spirit   .     D - +0 helmet
rElec  .         Dismiss  .     q - +0 cloak
rCorr  .         Reflect  .     s - +2 pair of gloves
SustAt .         Harm     .     m - +1 pair of boots
MR     +....                    (no amulet)
Stlth  ..........               p - ring of poison resistance
                                I - +5 ring of dexterity

@: non-regenerating, heavily drained, somewhat resistant to hostile
enchantments, extremely unstealthy
A: damage resistance, recharge devices, sense surroundings 2, slow regeneration
3
a: Device Recharging, Minor Destruction, Lesser Servant of Makhleb, Renounce
Religion


You were on level 1 of the Lair of Beasts.
You worshipped Makhleb.
Makhleb was most pleased with you.
You were hungry.

You visited 3 branches of the dungeon, and saw 11 of its levels.

You collected 453 gold pieces.

Inventory:

Hand Weapons
 J - a +0 war axe of chopping (weapon)
Armour
 c - a +0 shield (worn)
 m - a +1 pair of boots (worn)
 q - a +0 cloak (worn)
 s - a +2 pair of gloves (worn)
 D - a +0 helmet (worn)
 H - a +0 plate armour (worn)
Jewellery
 p - a ring of poison resistance (right hand)
 I - a +5 ring of dexterity (left hand)
 Q - an uncursed ring of magical power {unknown}
Wands
 a - a wand of lightning (3/15)
 e - a wand of heal wounds (3/9)
 g - a wand of polymorph (9/24)
 l - a wand of flame (15/48)
 G - a wand of confusion (21/48)
 O - a wand of digging (10/24)
Scrolls
 i - 3 scrolls of enchant weapon
 j - 6 scrolls of identify
 k - 2 scrolls of magic mapping {unknown}
 r - 2 scrolls of summoning {unknown}
 u - 3 scrolls of recharging {unknown}
 y - 2 scrolls of teleportation {unknown}
 F - 3 scrolls of random uselessness {unknown}
 K - 2 scrolls of remove curse
 L - a scroll of torment {unknown}
 P - a scroll of acquirement {unknown}
Potions
 b - a potion of lignification {unknown}
 d - a potion of flight {unknown}
 h - a potion of degeneration {unknown}
 t - a potion of cure mutation {unknown}
 w - a potion of invisibility {unknown}
 x - 2 potions of brilliance {unknown}
 z - 4 potions of curing
 B - 2 potions of magic {unknown}
 C - a potion of ambrosia {unknown}
 E - a potion of might
 M - a potion of haste {unknown}
Comestibles
 f - 9 bread rations
 n - 4 meat rations
 v - 2 beef jerkies
 A - 17 fruits


   Skills:
 * Level 7.6(5.6) Fighting
 * Level 8.6(6.6) Axes
 + Level 6.8(4.8) Armour
 + Level 6.0(4.1) Dodging
 * Level 9.1(7.1) Shields
 + Level 7.4(5.4) Evocations


You had 9 spell levels left.
You didn't know any spells.

Dungeon Overview and Level Annotations

Branches:
Dungeon (9/15)             Temple (1/1) D:6            Lair (1/8) D:9
    Orc: D:9-12

Altars:
Ashenzari
Cheibriados
Dithmenos
Elyvilon
Fedhas
Gozag
Kikubaaqudgha
Makhleb
Nemelex Xobeh
Okawaru
Pakellas
Qazlal
Ru
Sif Muna
Trog
Vehumet
Xom
Yredelemnul
Zin
The Shining One

Shops:
D:7 }

Annotations:
Lair:1 Nergalle


Innate Abilities, Weirdness & Mutations

You are resistant to damage.
You can recharge devices by infusing magical energy.
You passively map the area around you.
You do not regenerate naturally.


Message History

Zapping:
e - a wand of heal wounds (1/9)
Press: ? - help, Shift-Dir - straight line, f - you You feel much better.
This wand has 0 charges left.
You block the spectral orc knight's attack.
Nergalle hits you but does no damage.
The spectral orc warrior barely misses you.
The komodo dragon bites you.
Evoke which item? (* to show all) (? for menu, Esc to quit)
Okay, then.
Charge which item? (? for menu, Esc to quit)
Your wand of heal wounds (0/9) glows for a moment and now has 3 charges.
You block the spectral orc knight's attack.
The spectral orc knight hits you but does no damage.
Nergalle gestures at you while chanting.
The bolt of negative energy hits you!
You feel drained.
* * * LOW HITPOINT WARNING * * *
You block the spectral orc's attack.
The spectral orc warrior hits you but does no damage.
The komodo dragon bites you!!
You die...

..# , , .P# ####*#.##
.## #P#P##..## ####.#.
.#
#........##..........
## #........P
#.......... #
#.......:# #..........
#
#........###..........*
## #
#.....ZZZ#............*
.##P##P
......o@.#.P..........*
.......,
......lZ..............
.###.# *
#........###..........
##
#........##.#P†.#####*
# ####.##.######..##
#### ##*..# #...## ##.#
*..## #.#..# ..## #.#
####.# ## #..#### ###.
###'####.#


You could see Nergalle, a komodo dragon, a spectral orc, a spectral orc warrior
and 2 spectral orc knights.

Vanquished Creatures
  Pikel (D:6)
  A black mamba (Lair:1)
  A spiny frog (Lair:1)
  The ghost of neongrey the Conjurer, an amateur DsFE of Sif Muna (D:4)
  Sigmund (D:2)
  7 yaks
  Eustachio (D:6)
  2 water moccasins
  A porcupine (Lair:1)
  2 orc warriors
  3 ice beasts
  A wasp (D:9)
  A black bear (D:9)
  4 ogres
  A centaur (D:5)
  4 crocodiles
  A big kobold (D:8)
  5 giant frogs
  A wyvern skeleton (D:8)
  5 scorpions
  4 killer bees (D:7)
  10 wights
  3 crimson imps
  4 hounds
  2 jellies
  Crazy Yiuf (D:2)
  3 orc priests (D:9)
  2 giant frog skeletons
  3 orc wizards
  4 iguanas
  Natasha (twice) (D:2)
  9 worker ants
  A hound zombie (D:7)
  11 adders
  A shadow imp (D:8)
  2 oozes
  An adder zombie (D:9)
  An adder skeleton (D:4)
  5 dart slugs
  A worm (D:6)
  2 giant geckos
  22 orcs
  2 ball pythons (D:1)
  3 giant cockroaches
  9 goblins
  7 hobgoblins
  15 jackals
  14 kobolds
  A quokka (D:3)
  6 bats
  6 giant newts
  A jackal skeleton (D:5)
  2 quokka skeletons
  4 rats
208 creatures vanquished.

Vanquished Creatures (others)
  A giant cockroach (D:6)
  A jackal zombie (D:6)
  A fungus (D:2)
3 creatures vanquished.

Grand Total: 211 creatures vanquished

Notes
Turn   | Place    | Note
--------------------------------------------------------------
     0 | D:1      | shmeve the Deep Dwarf Fighter began the quest for the Orb.
     0 | D:1      | Reached XP level 1. HP: 20/20 MP: 1/1
   129 | D:1      | Reached XP level 2. HP: 18/27 MP: 2/2
   664 | D:1      | Reached XP level 3. HP: 18/33 MP: 3/3
   726 | D:2      | Noticed Natasha
   744 | D:2      | Killed Natasha
   744 | D:2      | Reached skill level 1 in Evocations
   769 | D:2      | Reached skill level 1 in Dodging
   835 | D:2      | Reached XP level 4. HP: 40/42 MP: 5/5
   871 | D:2      | Found an iron altar of Okawaru.
   997 | D:2      | Noticed Crazy Yiuf
  1004 | D:2      | Killed Crazy Yiuf
  1004 | D:2      | Reached skill level 4 in Shields
  1066 | D:2      | Noticed Natasha
  1074 | D:2      | Killed Natasha
  1074 | D:2      | Reached XP level 5. HP: 17/49 MP: 6/6
  1140 | D:2      | Noticed Sigmund
  1149 | D:2      | Killed Sigmund
  1149 | D:2      | Reached XP level 6. HP: 37/57 MP: 7/7
  1552 | D:3      | Found a shimmering altar of Xom.
  1969 | D:3      | Found a radiant altar of Vehumet.
  2260 | D:4      | Noticed neongrey's ghost (amateur DsFE)
  2293 | D:4      | Killed neongrey's ghost
  2293 | D:4      | Reached skill level 5 in Shields
  2293 | D:4      | Reached XP level 7. HP: 13/64 MP: 8/8
  2521 | D:4      | Found a shattered altar of Ashenzari.
  2577 | D:4      | Found a glowing silver altar of Zin.
  2578 | D:4      | Found an opulent altar of Gozag.
  2822 | D:5      | Entered Level 5 of the Dungeon
  2905 | D:5      | Found a shadowy altar of Dithmenos.
  2922 | D:5      | Reached skill level 5 in Axes
  3193 | D:5      | Reached XP level 8. HP: 48/73 MP: 9/9
  3753 | D:6      | Noticed Eustachio
  3838 | D:6      | Killed Eustachio
  3838 | D:6      | Reached skill level 5 in Fighting
  3838 | D:6      | Reached skill level 6 in Shields
  3846 | D:6      | Found a sacrificial altar of Ru.
  3940 | D:6      | Found a basalt altar of Yredelemnul.
  3971 | D:6      | Noticed Pikel
  3989 | D:6      | Killed Pikel
  3989 | D:6      | Reached skill level 5 in Armour
  3989 | D:6      | Reached skill level 5 in Evocations
  4371 | D:6      | Found a staircase to the Ecumenical Temple.
  4379 | D:6      | Found a white marble altar of Elyvilon.
  4484 | Temple   | Entered the Ecumenical Temple
  4491 | Temple   | Became a worshipper of Makhleb the Destroyer
  4544 | D:7      | Gained mutation: You passively map the area around you. [Deep Dwarf growth]
  4544 | D:7      | Reached XP level 9. HP: 38/82 MP: 10/10
  4549 | D:7      | Reached skill level 7 in Shields
  4643 | D:7      | Found Miuty's Gadget Shoppe.
  4726 | D:7      | Found a shadowy altar of Dithmenos.
  4751 | D:7      | Reached * piety under Makhleb
  5046 | D:8      | Found an ancient bone altar of Kikubaaqudgha.
  5250 | D:8      | Found a white marble altar of Elyvilon.
  5406 | D:8      | Reached skill level 5 in Dodging
  5612 | D:8      | Reached ** piety under Makhleb
  5746 | D:9      | Reached skill level 8 in Shields
  5821 | D:9      | Reached XP level 10. HP: 67/92 MP: 12/12
  5903 | D:9      | Found a staircase to the Lair.
  6064 | D:9      | Found a blossoming altar of Fedhas.
  6270 | D:9      | Found a sparkling altar of Nemelex Xobeh.
  6424 | D:9      | Reached *** piety under Makhleb
  6519 | Lair:1   | Entered Level 1 of the Lair of Beasts
  6610 | Lair:1   | Noticed a spiny frog
  6639 | Lair:1   | Killed a spiny frog
  6700 | Lair:1   | Noticed a black mamba
  6711 | Lair:1   | Killed a black mamba
  6711 | Lair:1   | Reached skill level 9 in Shields
  6811 | Lair:1   | Noticed Nergalle
  6826 | Lair:1   | HP: 4/94 [spectral orc knight/battleaxe[Nergalle] (4)]
  6828 | Lair:1   | Slain by a komodo dragon

Skill      XL: |  1  2  3  4  5  6  7  8  9 10 |
---------------+-------------------------------+-----
Fighting       | 3 4 5 6 7 |  7.6
Evocations     | 1 2 3 4 5 6 7 |  7.4
Dodging        | 1 2 3 4 5 6 |  6.0
Axes           | 3 4 5 6 7 8 |  8.6
Shields        | 4 5 6 8 9 |  9.1
Armour         | 4 5 6 |  6.8

Action                   |  1- 3 |  4- 6 |  7- 9 | 10-12 || total
-------------------------+-------+-------+-------+-------++-------
Melee: War axe           |   103 |   153 |   437 |   215 ||   908
 Abil: Device Recharging |       |     1 |     1 |     1 ||     3
Evoke: Wand              |     2 |     2 |     8 |     4 ||    16
  Use: Potion            |       |     1 |     1 |       ||     2
       Scroll            |       |       |     7 |       ||     7
  Eat: Chunk             |       |     4 |    11 |     3 ||    18
       Fruit             |       |       |     3 |       ||     3
Armor: Scale mail        |    43 |    78 |    66 |       ||   187
       Plate armour      |       |       |   196 |   130 ||   326
Dodge: Dodged            |    25 |    61 |   154 |    64 ||   304
Block: Shield            |    61 |    78 |   308 |   149 ||   596
